 Dungeon Crawl Stone Soup version 0.29-a0-819-g94b489e0ae (webtiles) character file.

Game seed: 12212327481181105795

761 spaghetti the Charlatan (level 7, -3/52 (53) HPs)
             Began as a Gnoll Artificer on July 7, 2022.
             Slain by a wight
             ... wielding a +4 scimitar
              (14 damage)
             ... on level 6 of the Dungeon.
             The game lasted 00:10:20 (7711 turns).

spaghetti the Charlatan (Gnoll Artificer)           Turns: 7711, Time: 00:10:20

HP:   -3/52 (53)    AC:  4    Str: 11    XL:     7   Next: 80%
MP:   11/11         EV: 12    Int: 12    God:
Gold: 279           SH:  0    Dex: 13    Spells: 8/11 levels left

rFire   . . .      SeeInvis .   m - +1 mace (holy) {mace}
rCold   . . .      Faith    .   (no shield)
rNeg    . . .      Spirit   .   b - +0 leather armour
rPois   .          Reflect  .   (no helmet)
rElec   .          Harm     .   n - +0 cloak
rCorr   .          Rampage  .   (no gloves)
Will    .....                   (no boots)
Stlth   ++........              (no amulet)
HPRegen 0.17/turn               (no ring)
MPRegen 0.12/turn               (no ring)

@: lightly drained
A: fangs 1, strong nose, distributed training
a: no special abilities


You were on level 6 of the Dungeon.
You visited 2 branches of the dungeon, and saw 7 of its levels.

You collected 279 gold pieces.


Innate Abilities, Weirdness & Mutations

You have very sharp teeth.
Your uncanny sense of smell can sniff out nearby items.
Your experience applies equally to all skills.


   Skills:
 + Level 3.9 Fighting
 + Level 2.8 Short Blades
 + Level 2.8 Long Blades
 + Level 2.8 Axes
 + Level 2.8 Maces & Flails
 + Level 2.8 Polearms
 + Level 2.8 Staves
 + Level 2.8 Ranged Weapons
 + Level 2.8 Throwing
 + Level 5.4 Armour
 + Level 3.9 Dodging
 + Level 3.7 Stealth
 + Level 2.8 Shields
 + Level 2.8 Unarmed Combat
 + Level 2.8 Spellcasting
 + Level 2.3 Conjurations
 + Level 2.3 Hexes
 + Level 2.3 Summonings
 + Level 2.3 Necromancy
 + Level 2.3 Translocations
 + Level 2.3 Transmutations
 + Level 2.3 Fire Magic
 + Level 2.3 Ice Magic
 + Level 2.3 Air Magic
 + Level 2.3 Earth Magic
 + Level 2.3 Poison Magic
 + Level 3.1 Invocations
 + Level 7.2 Evocations


You had 8 spell levels left.
You knew the following spells:

 Your Spells              Type           Power      Damage    Failure   Level
a - Beastly Appendage     Tmut           14%        N/A       12%         1
b - Wereblood             Tmut           7%         N/A       19%         2

Your spell library contained the following spells:

 Spells                   Type           Power      Damage    Failure   Level
 Spider Form              Tmut/Pois      7%         N/A       36%         3

Inventory:

Hand Weapons
 a - a +0 club {mace}
 j - a +3 whip {mace}
   (You took it off a kobold on level 2 of the Dungeon)
 m - a +1 mace of holy wrath (weapon) {mace}
   (You took it off an orc on level 4 of the Dungeon)
 o - a +2 short sword of venom {short}
   (You took it off a kobold on level 2 of the Dungeon)
Missiles
 h - 37 stones (quivered) {throwing}
 q - 4 poisoned darts {throwing}
Armour
 b - a +0 leather armour (worn)
 n - a +0 cloak (worn)
   (You found it on level 5 of the Dungeon)
Wands
 d - a wand of charming (8)
 e - a wand of iceblast (2)
 i - a wand of roots (9)
   (You took it off Ijyb on level 2 of the Dungeon)
Scrolls
 c - a scroll of vulnerability {!r!r}
 f - 2 scrolls of teleportation {@r4}
 l - 2 scrolls of identify {@r1}
 p - a scroll of amnesia {unknown}
Potions
 g - 2 potions of curing {@q1}
 r - a potion of flight

Dungeon Overview and Level Annotations

Branches:
Dungeon (6/15) Zot: 26643  Temple (1/1) D:4 Zot: 5472

Altars:
Ashenzari
Cheibriados
Hepliaklqana
Kikubaaqudgha
Ru
Vehumet
Yredelemnul

Shops:
D:2 [?=*[   D:3 [ D:5

*(?
...........#..#....#
...........#†.#....#
####....####..#....#
#...)#.....#....#
#....#.....'....#
#....#.....#....##
#....#####'#......
........s.......
.......@z........
......zz.........
...............
...........>...
.........##'#..
.........# .#..
...####### # ...


You could see a scorpion, 2 wights and a friendly wight (charmed).


Message History

There is an open door here.
The scorpion stings you. 😕 HP[-4]
You take 4 damage, and now have 49/53 hp.
You are too injured to fight recklessly!
You are too injured to fight recklessly!
You are too injured to fight recklessly!
You are too injured to fight recklessly!
You are too injured to fight recklessly!
You are too injured to fight recklessly!
You are too injured to fight recklessly!
You are too injured to fight recklessly!
You are too injured to fight recklessly!
You are too injured to fight recklessly!
You are too injured to fight recklessly!
You are too injured to fight recklessly!
You are too injured to fight recklessly!
You hit the scorpion.
The scorpion stings you but does no damage.
You closely miss the scorpion. The scorpion stings you.
You are poisoned.
The scorpion poisons you! 😕 HP[-1]
You take 1 damage, and now have 48/53 hp.
You hit the scorpion.
You feel sick.
The scorpion stings you but does no damage. 😕 HP[-1]
You take 1 damage, and now have 47/53 hp.
You hit the scorpion but do no damage.
The scorpion is poisoned.
You feel sick. The scorpion stings you. x2 😮 HP[-11]
You take 11 damage, and now have 36/53 hp.
MASSIVE DAMAGE!! (PAUSE)
You hit the scorpion.
The scorpion looks as sick as possible!
Your bite misses the scorpion.
You feel sick.
You kill the scorpion! 😮 HP[-1]
You take 1 damage, and now have 35/53 hp.
You feel sick.
You see here a scorpion corpse. 😮 HP[-1]
You take 1 damage, and now have 34/53 hp.
You feel sick.
You feel sick.
You feel sick.
You feel sick.
You are no longer poisoned.
A wight comes into view. It is wielding a +0 spear. 😮 HP[-3]
You take 3 damage, and now have 31/53 hp.
A wight is nearby!
A wight is nearby!
A wight is nearby! 😮 HP[+1]
Your +2 short sword of venom {short} stops dripping with poison.
Your +1 mace of holy wrath {mace} softly glows with a divine radiance!
m - a +1 mace of holy wrath (weapon)
{mace}
Found a stone staircase leading down.
You start resting.
A wight comes into view. It is wielding a +2 falchion. 😮 HP[+6]
You regained 6 hp, and now have 38/53 hp.
A wight is nearby!
A wight comes into view. It is wielding a +4 scimitar.
A wight opens the door.
There is an open door here.
You are too injured to fight recklessly!
You barely miss the wight. You bite the wight, but do no damage.
The wight hits you with a +0 spear! The wight barely misses you. 😮 HP[-10]
You take 10 damage, and now have 28/53 hp.
You barely miss the wight. Your bite misses the wight.
The wight hits you with a +0 spear. 😮 HP[-1]
You take 1 damage, and now have 27/53 hp.
You barely miss the wight. Your bite misses the wight. The wight misses you.
The wight hits you with a +4 scimitar!
* * * LOW HITPOINT WARNING * * *
😱 HP[-15]
You take 15 damage, and now have 12/53 hp.
MASSIVE DAMAGE!! (PAUSE)
Okay, then.
Aiming: Charm
Press: ? - help, Shift-Dir - straight line, f - wight
Aim: a wight, wielding a +2 falchion and wearing a +0 robe (chance to affect: 66%)
The wight struggles to resist.
The wight closely misses you. The wight hits you with a +0 spear.
* * * LOW HITPOINT WARNING * * *
You feel drained. The wight closely misses you. 😱 HP[-1]
You now have 52 max hp (-1).
Unknown command.
Unknown command.
Aiming: Charm
Press: ? - help, Shift-Dir - straight line, f/p - wight
Aim: a wight, wielding a +2 falchion and wearing a +0 robe (chance to affect: 66%)
The wight is charmed.
The wight closely misses you. The wight hits you with a +4 scimitar!
You die...

Skill      XL: |  1  2  3  4  5  6  7 |
---------------+----------------------+-----
Invocations    | 1 2 3 |  3.1
Short Blades   | 1 2 |  2.8
Long Blades    | 1 2 |  2.8
Axes           | 1 2 |  2.8
Maces & Flails | 1 2 |  2.8
Polearms       | 1 2 |  2.8
Staves         | 1 2 |  2.8
Ranged Weapons | 1 2 |  2.8
Throwing       | 1 2 |  2.8
Shields        | 1 2 |  2.8
Unarmed Combat | 1 2 |  2.8
Spellcasting   | 1 2 |  2.8
Conjurations   | 1 2 |  2.3
Hexes          | 1 2 |  2.3
Summonings     | 1 2 |  2.3
Necromancy     | 1 2 |  2.3
Translocations | 1 2 |  2.3
Transmutations | 1 2 |  2.3
Fire Magic     | 1 2 |  2.3
Ice Magic      | 1 2 |  2.3
Air Magic      | 1 2 |  2.3
Earth Magic    | 1 2 |  2.3
Poison Magic   | 1 2 |  2.3
Fighting       | 3 |  3.9
Dodging        | 3 |  3.9
Armour         | 5 |  5.4
Stealth        | 3 |  3.7
Evocations     | 7 |  7.2

Action                   |  1- 3 |  4- 6 |  7- 9 || total
-------------------------+-------+-------+-------++-------
Melee: Club              |   143 |   160 |       ||   303
       Bite              |     7 |    20 |     4 ||    31
       Kick              |     6 |     3 |       ||     9
       Headbutt          |     3 |       |       ||     3
       Punch             |       |     3 |     1 ||     4
       Short sword       |       |    10 |    48 ||    58
       Mace              |       |       |     3 ||     3
Throw: Stone             |     2 |       |       ||     2
 Cast: Beastly Appendage |     7 |     1 |     2 ||    10
       Wereblood         |       |     1 |       ||     1
Evoke: Wand              |     9 |    14 |     7 ||    30
  Use: Potion            |     4 |       |     3 ||     7
       Scroll            |       |     5 |       ||     5
 Stab: Sleeping          |     5 |     4 |     1 ||    10
Armor: Leather armour    |    55 |    67 |    18 ||   140
Dodge: Dodged            |   116 |   180 |    45 ||   341

Levels and vault maps discovered:
D:1:      minmay_arrival_hallway, layout_loops_ring,
          shapermc_ecumenical_altar_hornbeckon
D:2:      kennysheep_the_goblin_king, layout_loops_ring, serial_shops, shop,
          nicolae_shop_window_shopping, shop_fountains,
          nicolae_shop_advertising_works [nicolae_subvault_shop_adworks],
          nicolae_shop_crystal, nicolae_elevator_lobby_asterisk
D:3:      layout_loops_ring, nicolae_vehumet_radiance, serial_shops,
          nicolae_shop_trees, serial_park_tiny_pond
D:4:      layout_basic, minmay_temple_entry_arrows, roderic_lattice_a,
          serial_bayou_pond_a, minmay_fractal_squares_gapless_5
D:5:      layout_cave_pods, serial_shops, shop, shop, kennysheep_mini, shop,
          portal_sewer_entry_b
D:6:      layout_gridville, lemuel_round_altar, zin_angel, serial_undead,
          serial_undead_b, serial_undead_b, serial_undead_a, serial_undead_e,
          uniq_pikel
Temple:   hellmonk_temple_of_storms

Notes
Turn   | Place    | Note
-------+----------+-------------------------------------------
     0 | D:1      | spaghetti the Gnoll Artificer began the quest for the Orb.
     0 | D:1      | Reached XP level 1. HP: 17/17 MP: 1/1
     0 | D:1      | magus.rc [v1.9.6]
    87 | D:1      | You pick up a book of Changes and begin reading...
    87 | D:1      | You add the spells Beastly Appendage, Wereblood and Spider
                  | Form to your library.
   562 | D:1      | Reached XP level 2. HP: 14/23 MP: 2/2
   746 | D:1      | Learned a level 1 spell: Beastly Appendage
  1442 | D:1      | Found a faded altar of an unknown god.
  1549 | D:2      | Found Bureukan's Jewellery Shoppe.
  1726 | D:2      | Found Yngigiy's Assorted Antiques.
  1803 | D:2      | Reached XP level 3. HP: 14/28 MP: 1/3
  1806 | D:2      | Learned a level 2 spell: Wereblood
  1994 | D:2      | Found Ytetoci's Armour Emporium.
  2160 | D:2      | HP: 3/28 [worm (11)]
  2173 | D:2      | Reached skill level 1 in Invocations
  2737 | D:2      | Found Cosm's Magic Scroll Boutique.
  2787 | D:2      | Found Loops's Armour Emporium.
  2989 | D:2      | Noticed Ijyb
  2998 | D:2      | Reached skill level 1 in Short Blades
  2998 | D:2      | Reached skill level 1 in Long Blades
  2998 | D:2      | Reached skill level 1 in Axes
  2998 | D:2      | Reached skill level 1 in Maces & Flails
  2998 | D:2      | Reached skill level 1 in Polearms
  2998 | D:2      | Reached skill level 1 in Staves
  2998 | D:2      | Reached skill level 1 in Ranged Weapons
  2998 | D:2      | Reached skill level 1 in Throwing
  2998 | D:2      | Reached skill level 1 in Shields
  2998 | D:2      | Reached skill level 1 in Unarmed Combat
  2998 | D:2      | Reached skill level 1 in Spellcasting
  3042 | D:2      | Killed Ijyb
  3043 | D:2      | Reached XP level 4. HP: 13/34 MP: 5/5
  3348 | D:3      | Reached skill level 1 in Conjurations
  3348 | D:3      | Reached skill level 1 in Hexes
  3348 | D:3      | Reached skill level 1 in Summonings
  3348 | D:3      | Reached skill level 1 in Necromancy
  3348 | D:3      | Reached skill level 1 in Translocations
  3348 | D:3      | Reached skill level 1 in Transmutations
  3348 | D:3      | Reached skill level 1 in Fire Magic
  3348 | D:3      | Reached skill level 1 in Ice Magic
  3348 | D:3      | Reached skill level 1 in Air Magic
  3348 | D:3      | Reached skill level 1 in Earth Magic
  3348 | D:3      | Reached skill level 1 in Poison Magic
  3549 | D:3      | Found a radiant altar of Vehumet.
  3930 | D:3      | Found Isen's Armour Boutique.
  4416 | D:4      | Noticed a scorpion
  4419 | D:4      | Found a staircase to the Ecumenical Temple.
  4426 | Temple   | Entered the Ecumenical Temple
  4431 | Temple   | Reached XP level 5. HP: 16/40 MP: 5/7
  4622 | D:4      | Reached skill level 3 in Fighting
  4622 | D:4      | Reached skill level 3 in Dodging
  4663 | D:4      | HP: 10/41 [orc/+0 club (3)]
  5429 | D:4      | HP: 10/41 [ufetubus (2)]
  5523 | D:5      | Entered Level 5 of the Dungeon
  5523 | D:5      | Found Pics's Magic Scroll Boutique.
  5967 | D:5      | Reached skill level 5 in Armour
  5967 | D:5      | Reached skill level 3 in Stealth
  5967 | D:5      | Reached skill level 2 in Invocations
  5967 | D:5      | Reached XP level 6. HP: 16/47 MP: 8/8
  6190 | D:5      | Noticed a water moccasin
  6197 | D:5      | Killed a water moccasin
  6198 | D:5      | Reached skill level 2 in Short Blades
  6198 | D:5      | Reached skill level 2 in Long Blades
  6198 | D:5      | Reached skill level 2 in Axes
  6198 | D:5      | Reached skill level 2 in Maces & Flails
  6198 | D:5      | Reached skill level 2 in Polearms
  6198 | D:5      | Reached skill level 2 in Staves
  6198 | D:5      | Reached skill level 2 in Ranged Weapons
  6198 | D:5      | Reached skill level 2 in Throwing
  6198 | D:5      | Reached skill level 2 in Shields
  6198 | D:5      | Reached skill level 2 in Unarmed Combat
  6198 | D:5      | Reached skill level 2 in Spellcasting
  6441 | D:5      | Found Upusch's General Store.
  6477 | D:5      | Found Buotamueq's Antique Weapon Boutique.
  6780 | D:5      | Noticed a water moccasin
  6796 | D:5      | Killed a water moccasin
  6797 | D:5      | Reached skill level 2 in Conjurations
  6797 | D:5      | Reached skill level 2 in Hexes
  6797 | D:5      | Reached skill level 2 in Summonings
  6797 | D:5      | Reached skill level 2 in Necromancy
  6797 | D:5      | Reached skill level 2 in Translocations
  6797 | D:5      | Reached skill level 2 in Transmutations
  6797 | D:5      | Reached skill level 2 in Fire Magic
  6797 | D:5      | Reached skill level 2 in Ice Magic
  6797 | D:5      | Reached skill level 2 in Air Magic
  6797 | D:5      | Reached skill level 2 in Earth Magic
  6797 | D:5      | Reached skill level 2 in Poison Magic
  6797 | D:5      | Reached skill level 7 in Evocations
  6797 | D:5      | Reached XP level 7. HP: 20/52 MP: 10/10
  7110 | D:5      | Found Qepliapn's Jewellery Emporium.
  7405 | D:6      | HP: 12/52 [something (3)]
  7407 | D:6      | HP: 5/52 [orc/+0 dagger (1)]
  7409 | D:6      | HP: 2/53 [something (2)]
  7421 | D:6      | Reached skill level 3 in Invocations
  7709 | D:6      | HP: 12/53 [wight/+4 scimitar (15)]
  7711 | D:6      | Slain by a wight

Vanquished Creatures
  2 water moccasins (D:5)
  A bullfrog (D:5)
  2 scorpions
  A wight (D:6)
  A bullfrog zombie (D:6)
  An orc priest (D:6)
  A jelly (Temple)
  A hound (D:6)
  Ijyb (D:2)
  2 orc wizards (D:6)
  A river rat (D:5)
  2 adders
  An ufetubus (D:4)
  3 worms
  2 dart slugs (D:5)
  5 orcs
  6 ball pythons
  4 bats
  2 endoplasms
  6 giant cockroaches
  13 goblins
  5 hobgoblins
  4 quokkas
  5 frilled lizards
  8 kobolds
  5 rats
85 creatures vanquished.

Vanquished Creatures (collateral kills)
  2 orcs (D:4)
  2 goblins (D:2)
4 creatures vanquished.

Vanquished Creatures (others)
  An orc priest (D:6)
  An orc (D:6)
  A plant (D:4)
3 creatures vanquished.

Grand Total: 92 creatures vanquished

Table legend:
 A = Non-vault XP
 B = Vault XP
 C = Vault XP percentage of total XP
 D = Non-vault monster count
 E = Vault monster count
 F = Vault count percentage of total count
                 A         B        C        D         E       F
            +---------+---------+-------+---------+---------+-------
      Total |     963 |     125 |  11.5 |      71 |      18 |  20.2
            +---------+---------+-------+---------+---------+-------
        D:1 |      20 |       0 |   0.0 |      12 |       0 |   0.0
        D:2 |      37 |      50 |  57.5 |      18 |       7 |  28.0
        D:3 |      31 |       0 |   0.0 |      14 |       0 |   0.0
        D:4 |     105 |       0 |   0.0 |       9 |       0 |   0.0
        D:5 |     404 |      29 |   6.7 |       7 |      10 |  58.8
        D:6 |     324 |      46 |  12.4 |      10 |       1 |   9.1
     Temple |      42 |       0 |   0.0 |       1 |       0 |   0.0
            +---------+---------+-------+---------+---------+-------

Illustrated notes

Table legend:
 A = Kills in this place as a percentage of kills in entire the game.
 B = Kills by you in this place as a percentage of kills by you in the entire game.
 C = Kills by friends in this place as a percentage of kills by friends in the entire game.
 D = Other kills in this place as a percentage of other kills in the entire game.
 E = Experience gained in this place as a percentage of experience gained in the entire game.
 F = Experience gained in this place divided by the number of levels of this place that you have seen.
                   A       B       C       D       E      F
               +-------+-------+-------+-------+-------+----------------------
         Total | 100.0 | 100.0 | 100.0 |   N/A | 100.0 | 155.4
       Dungeon |  98.9 |  98.8 | 100.0 |   N/A |  96.1 | 174.3
        Temple |   1.1 |   1.2 |   0.0 |   N/A |   3.9 |  42.0
               +-------+-------+-------+-------+-------+----------------------

Table legend: (Time is in decaauts)
 A = Elapsed time spent in this place.
 B = Non-inter-level travel time spent in this place.
 C = Inter-level travel time spent in this place.
 D = Time resting spent in this place.
 E = Time spent auto-exploring this place.
 F = Levels seen in this place.
 G = Mean time per level.
                   A        B        C        D        E       F      G
               +--------+--------+--------+--------+--------+-----+--------+
         Total |   7790 |   7626 |    164 |    958 |   5744 |   7 | 1112.9 |
       Dungeon |   7263 |   7104 |    159 |    447 |   5742 |   6 | 1210.5 |
        Temple |    527 |    522 |      5 |    511 |      2 |   1 |  527.0 |
               +--------+--------+--------+--------+--------+-----+--------+

Top non-repeatable levels by time:
     D:5: 1891 daAuts
     D:2: 1888 daAuts
     D:1: 1494 daAuts
     D:3: 1151 daAuts
     D:4: 530 daAuts
  Temple: 527 daAuts
     D:6: 308 daAuts
